 Dungeon Crawl Stone Soup version 0.18.1-48-g4cf74bf (webtiles) character file.

6390 Peloso the Blocker (level 10, -3/90 HPs)
             Began as a Minotaur Fighter on Sept 8, 2016.
             Was a High Priest of Okawaru.
             Killed from afar by a gargoyle (17 damage)
             ... with a stone arrow
             ... on level 10 of the Dungeon.
             The game lasted 00:24:53 (9863 turns).

Peloso the Blocker (Minotaur Fighter)               Turns: 9863, Time: 00:24:54

Health: -3/90      AC: 16    Str: 26    XL:     10   Next: 66%
Magic:  9/9        EV:  9    Int:  7    God:    Okawaru [*****.]
Gold:   619        SH: 13    Dex: 12    Spells: 0 memorised, 9 levels left

rFire  . . .     SeeInvis .     a - +1 long sword (venom)
rCold  + . .     Gourm    .     P - +0 plate armour
rNeg   . . .     Faith    +     c - +0 shield
rPois  .         Spirit   .     (helmet restricted)
rElec  .         Dismiss  .     (no cloak)
rCorr  .         Reflect  .     F - -1 pair of gloves of the Ditch-Digger {-Cast rC+ Str+2}
SustAt .         Harm     .     (no boots)
MR     .....     NoCast   +     B - amulet of faith
Stlth  ..........               j - +2 ring of protection
                                A - +2 ring of strength

@: not resistant to hostile enchantments, extremely unstealthy
A: retaliatory headbutt, horns 2, clever 1
a: Heroism, Finesse, Renounce Religion


You were on level 10 of the Dungeon.
You worshipped Okawaru.
Okawaru was extremely pleased with you.
You were not hungry.

You visited 2 branches of the dungeon, and saw 11 of its levels.
You also visited: Sewer.

You collected 619 gold pieces.

Inventory:

Hand Weapons
 a - a +1 long sword of venom (weapon)
 G - a +5 trident
Armour
 c - a +0 shield (worn)
 F - the -1 pair of gloves of the Ditch-Digger (worn) {-Cast rC+ Str+2}
   (You found it on level 6 of the Dungeon)

   It affects your strength (+2).
   It protects you from cold.
   It prevents spellcasting.
 P - a +0 plate armour (worn)
Rods
 q - a +0 rod of inaccuracy (12/12)
   (You found it on level 2 of the Dungeon)
Jewellery
 b - an uncursed ring of stealth
 j - a +2 ring of protection (right hand)
 n - an uncursed ring of fire
 A - a +2 ring of strength (left hand)
 B - an amulet of faith (around neck)
Wands
 h - a wand of iceblast (6/15)
 i - a wand of iceblast (9/15)
 y - a wand of polymorph (13/24)
 D - a wand of iceblast (12/15)
 H - a wand of acid (13/15)
 Q - a wand of slowing (19/48)
 R - a wand of enslavement (17/24)
Scrolls
 e - 4 scrolls of remove curse
 g - 2 scrolls of recharging
 o - 8 scrolls of teleportation
 p - 2 scrolls of magic mapping
 s - a scroll of blinking
 J - a scroll of fear
 N - a scroll of brand weapon
 O - 3 scrolls of enchant armour
Potions
 d - 2 potions of might
 k - 3 potions of resistance
 r - 2 potions of curing
 t - 2 potions of magic
 u - 3 potions of heal wounds
 v - 2 potions of brilliance
 w - 3 potions of invisibility
 C - a potion of agility
 I - a potion of ambrosia
 L - a potion of berserk rage
Books
 K - a book of Transfigurations

   Spells                             Type                      Level
   a - Irradiate                      Conjuration/Transmutation    5
   b - Statue Form                    Transmutation/Earth          6
   c - Hydra Form                     Transmutation                6
   d - Dragon Form                    Transmutation                7
 S - a book of Ice

   Spells                             Type                      Level
   a - Ice Form                       Ice/Transmutation            4
   b - Metabolic Englaciation         Hexes/Ice                    5
   c - Ozocubu's Refrigeration        Ice                          6
   d - Bolt of Cold                   Conjuration/Ice              6
   e - Freezing Cloud                 Conjuration/Ice/Air          6
   f - Simulacrum                     Ice/Necromancy               6
Comestibles
 f - 9 bread rations
 l - 6 meat rations
 m - 2 beef jerkies
 x - 2 fruits
 z - 3 chunks of flesh
 E - a slice of pizza
 M - 7 royal jellies


   Skills:
 + Level 8.6 Fighting
 + Level 9.6 Long Blades
 + Level 9.0 Armour
 + Level 6.2 Dodging
 + Level 0.5 Stealth
 + Level 11.0 Shields
 + Level 0.8 Invocations


You had 9 spell levels left.
You didn't know any spells.

Dungeon Overview and Level Annotations

Branches:
Dungeon (10/15)            Temple (1/1) D:4            Lair (0/8) D:8
    Orc (0/2) D:9

Altars:
Cheibriados
Dithmenos
Fedhas
Gozag
Nemelex Xobeh
Okawaru
Pakellas
Qazlal
Ru
Sif Muna
Trog
Vehumet
Xom
Yredelemnul
The Shining One

Shops:
D:10 !


Innate Abilities, Weirdness & Mutations

You reflexively headbutt those who attack you in melee.
You have a pair of horns on your head.
Your mind is acute. (Int +2)


Message History

The gargoyle is severely damaged.
You block the gargoyle's attack.
You hit the gargoyle.
The gargoyle is almost destroyed.
The gargoyle hits you with a flail.
* * * LOW HITPOINT WARNING * * *
You hit the gargoyle but do no damage.
You headbutt the gargoyle, but do no damage.
The gargoyle is almost destroyed.
The gargoyle hits you with a flail!
* * * LOW HITPOINT WARNING * * *
You hit the gargoyle but do no damage.
You headbutt the gargoyle, but do no damage.
The gargoyle is almost destroyed.
Unknown command.
You hit the gargoyle but do no damage.
The gargoyle is almost destroyed.
The gargoyle hurls a stone arrow at you.
The stone arrow hits you!
You die...

######## .......###
........(#############
.......#.#...........#
.......#.#...../@....#
.......#.#.......9...#
...รท)..#...........$.#
####)#####...........#
##.# ######.######
###..# ..# .)..## ###
#####


You could see a gargoyle.

Vanquished Creatures
  The ghost of mjk the Blocker, a novice MiFi of Nemelex Xobeh (D:9)
  A hill giant (D:10)
  A queen bee (D:8)
  Grinder (D:5)
  A steam dragon (D:10)
  A hippogriff (D:9)
  A water moccasin (D:9)
  4 ice beasts
  4 orc warriors
  2 black bears (D:7)
  A necrophage (D:9)
  2 sky beasts
  3 ogres
  The ghost of ScarCow the Changer, an amateur DrTm of the Shining One (D:3)
  3 centaurs
  3 giant frogs
  A gnoll sergeant (D:6)
  4 scorpions
  12 killer bees (D:8)
  3 howler monkeys
  2 crimson imps
  2 centaur zombies
  3 hounds
  A centaur skeleton (D:7)
  A giant frog skeleton (D:6)
  7 orc priests
  2 jellies (D:6)
  9 worker ants
  3 iguanas
  9 orc wizards
  2 hound zombies
  A hound skeleton (D:6)
  2 worker ant zombies (D:5)
  3 river rats (Sewer)
  18 adders
  11 gnolls
  A howler monkey skeleton (D:4)
  3 shadow imps
  An ooze (D:4)
  An adder skeleton (D:4)
  An adder zombie (D:5)
  3 worms
  2 dart slugs
  9 giant geckos
  33 orcs
  3 giant cockroaches
  14 goblins
  10 hobgoblins
  7 jackals
  6 quokkas
  4 ball pythons (Sewer)
  6 bats
  A giant gecko skeleton (D:8)
  14 giant newts
  9 kobolds
  A quokka skeleton (D:5)
  4 rats
  A toadstool (D:1)
260 creatures vanquished.

Vanquished Creatures (others)
  A plant (D:8)
  3 toadstools (D:1)
4 creatures vanquished.

Grand Total: 264 creatures vanquished

Notes
Turn   | Place    | Note
--------------------------------------------------------------
     0 | D:1      | Peloso the Minotaur Fighter began the quest for the Orb.
     0 | D:1      | Reached XP level 1. HP: 19/19 MP: 0/0
   184 | D:1      | Reached XP level 2. HP: 27/27 MP: 1/1
   602 | D:1      | Reached skill level 4 in Shields
   762 | D:2      | Found a blossoming altar of Fedhas.
   822 | D:2      | Reached XP level 3. HP: 32/33 MP: 2/2
  1103 | D:2      | Reached skill level 1 in Dodging
  1138 | D:2      | Reached XP level 4. HP: 36/40 MP: 3/3
  1673 | D:3      | Found a glowing golden altar of the Shining One.
  1687 | D:3      | Noticed ScarCow's ghost (amateur DrTm)
  1716 | D:3      | Killed ScarCow's ghost
  1716 | D:3      | Reached XP level 5. HP: 34/46 MP: 4/4
  1780 | D:3      | Found a faded altar to an unknown god.
  1784 | D:3      | Found a glowing drain.
  1787 | D:3      | Reached skill level 5 in Shields
  1807 | Sewer    | Entered a sewer
  2159 | Sewer    | Reached XP level 6. HP: 53/53 MP: 5/5
  2592 | D:3      | Found an oddly glowing altar of Pakellas.
  2926 | D:4      | Reached skill level 5 in Armour
  3251 | D:4      | Reached skill level 5 in Fighting
  3251 | D:4      | Reached XP level 7. HP: 36/61 MP: 6/6
  3404 | D:4      | Found a staircase to the Ecumenical Temple.
  3414 | Temple   | Entered the Ecumenical Temple
  3434 | Temple   | Became a worshipper of Warmaster Okawaru
  3508 | D:4      | Reached skill level 6 in Shields
  3664 | D:5      | Entered Level 5 of the Dungeon
  4050 | D:5      | Noticed Grinder
  4056 | D:5      | Paralysed by Grinder for 4 turns
  4067 | D:5      | Paralysed by Grinder for 4 turns
  4071 | D:5      | Killed Grinder
  4352 | D:5      | Reached skill level 5 in Long Blades
  4364 | D:5      | Reached XP level 8. HP: 43/68 MP: 7/7
  4606 | D:5      | Reached * piety under Okawaru
  4606 | D:5      | Reached skill level 7 in Shields
  5222 | D:6      | Reached ** piety under Okawaru
  5231 | D:6      | Reached skill level 5 in Dodging
  5231 | D:6      | Reached skill level 8 in Shields
  5359 | D:6      | Reached XP level 9. HP: 60/75 MP: 8/8
  5417 | D:6      | Got a pair of ancient gloves
  5423 | D:6      | Identified the -1 pair of gloves of the Ditch-Digger {-Cast rC+ Str+2} (You found it on level 6 of the Dungeon)
  5427 | D:6      | Found a sparkling altar of Nemelex Xobeh.
  6176 | D:7      | Found a bloodstained altar of Trog.
  6311 | D:7      | Found a sacrificial altar of Ru.
  6667 | D:7      | Found a stormy altar of Qazlal.
  6961 | D:8      | Found an iron altar of Okawaru.
  6976 | D:8      | Found a snail-covered altar of Cheibriados.
  6978 | D:8      | Found a radiant altar of Vehumet.
  6994 | D:8      | Found a shadowy altar of Dithmenos.
  7037 | D:8      | Noticed a queen bee
  7087 | D:8      | Reached *** piety under Okawaru
  7087 | D:8      | Reached skill level 9 in Shields
  7155 | D:8      | Killed a queen bee
  7852 | D:8      | Found a staircase to the Lair.
  7943 | D:8      | Reached XP level 10. HP: 76/86 MP: 9/9
  8012 | D:8      | Reached skill level 10 in Shields
  8236 | D:8      | Found a bloodstained altar of Trog.
  8236 | D:8      | Found a deep blue altar of Sif Muna.
  8237 | D:8      | Found an opulent altar of Gozag.
  8350 | D:8      | Found a shimmering altar of Xom.
  8415 | D:8      | Gained mutation: Your mind is acute. (Int +2) [potion of beneficial mutation]
  8685 | D:9      | Reached **** piety under Okawaru
  8745 | D:9      | Found a staircase to the Orcish Mines.
  8929 | D:9      | Noticed mjk's ghost (novice MiFi)
  9023 | D:9      | Killed mjk's ghost
  9040 | D:9      | HP: 4/88 [poisoned by mjk's ghost]
  9045 | D:9      | HP: 3/88 [poisoned by mjk's ghost]
  9051 | D:9      | HP: 3/88 [poisoned by mjk's ghost]
  9058 | D:9      | HP: 3/88 [poisoned by mjk's ghost]
  9536 | D:9      | Found a radiant altar of Vehumet.
  9761 | D:10     | Entered Level 10 of the Dungeon
  9780 | D:10     | Found Ethrirhudgh's Distillery.
  9788 | D:10     | Noticed a hill giant
  9796 | D:10     | Killed a hill giant
  9796 | D:10     | Reached ***** piety under Okawaru
  9820 | D:10     | Reached skill level 11 in Shields
  9851 | D:10     | Noticed a gargoyle
  9863 | D:10     | Killed from afar by a gargoyle

Skill      XL: |  1  2  3  4  5  6  7  8  9 10 |
---------------+-------------------------------+-----
Armour         | 4 5 6 7 8 9 |  9.0
Shields        | 4 5 6 8 9 11 | 11.0
Fighting       | 4 5 6 7 8 |  8.6
Dodging        | 1 2 3 4 5 6 |  6.2
Long Blades    | 3 4 5 7 8 9 |  9.6
Stealth        | |  0.5
Invocations    | |  0.8

Action                   |  1- 3 |  4- 6 |  7- 9 | 10-12 || total
-------------------------+-------+-------+-------+-------++-------
Melee: Long sword        |   121 |   190 |   425 |   189 ||   925
       Headbutt          |    10 |    33 |    87 |    52 ||   182
Invok: Heroism           |       |       |     1 |     1 ||     2
  Use: Scroll            |       |       |    17 |     8 ||    25
       Potion            |       |       |       |     4 ||     4
  Eat: Chunk             |     1 |     7 |    11 |     6 ||    25
       Fruit             |       |       |     2 |     2 ||     4
       Beef jerky        |       |       |     1 |       ||     1
Armor: Scale mail        |    58 |    57 |       |       ||   115
       Chain mail        |       |       |   164 |    14 ||   178
       Plate armour      |       |       |       |    48 ||    48
Dodge: Dodged            |    35 |    71 |   154 |    43 ||   303
Block: Shield            |    83 |    93 |   281 |   118 ||   575
